 Dungeon Crawl Stone Soup version 0.30.1 (webtiles) character file.

Game seed: 7781170343438812489

6174 Graphine the Cleaver (level 10, -8/88 HPs)
             Began as a Hill Orc Fighter on July 3, 2023.
             Was a Priest of Qazlal.
             Mangled by Lodul
             ... wielding a +0 dire flail
              (23 damage)
             ... on level 10 of the Dungeon.
             The game lasted 00:16:57 (8488 turns).

Graphine the Cleaver (Hill Orc Fighter)             Turns: 8488, Time: 00:16:57

Health: -8/88      AC: 17    Str: 24    XL:     10   Next: 91%
Magic:  7/17       EV:  8    Int:  8    God:    Qazlal [***...]
Gold:   283        SH:  9    Dex: 10    Spells: 9/9 levels left

rFire   . . .        a - +1 war axe
rCold   + . .        c - +0 buckler
rNeg    . . .        g - +4 chain mail {rC+}
rPois   .            l - +0 helmet
rElec   .            (no cloak)
rCorr   .            m - +0 pair of gloves
SInv    .            (no boots)
Will    .....        (no amulet) Stlth
                     (no ring)
HPRegen 0.34/turn    (no ring)
MPRegen 0.15/turn

%: no passive effects
@: no status effects
A: no striking features
a: Renounce Religion, Upheaval, Elemental Force


You were on level 10 of the Dungeon.
You worshipped Qazlal.
Qazlal was most pleased with you.
You visited 1 branch of the dungeon, and saw 10 of its levels.

You collected 295 gold pieces.
You spent 12 gold pieces at shops.

Inventory:

Hand Weapons
 a - a +1 war axe (weapon)
 q - a +3 flail of freezing
Missiles
 d - 2 throwing nets
 t - 6 datura-tipped darts (quivered)
Armour
 c - a +0 buckler (worn)
 g - a +4 chain mail of cold resistance (worn)
 l - a +0 helmet (worn)
 m - a +0 pair of gloves (worn)
Wands
 k - a wand of flame (37)
 v - a wand of quicksilver (7)
 w - a wand of roots (9)
Scrolls
 e - 4 scrolls of teleportation
 n - a scroll of fear
 o - a scroll of enchant weapon
 x - a scroll of butterflies
Potions
 b - 4 potions of flight
 f - a potion of resistance
 h - 2 potions of brilliance
 i - 6 potions of curing
 j - 5 potions of attraction
 p - a potion of ambrosia {unknown}
 r - a potion of invisibility {unknown}
 u - a potion of mutation {unknown}
 A - a potion of haste {unknown}


   Skills:
 + Level 8.3 Fighting
 * Level 11.7 Axes
 + Level 7.5 Armour
 + Level 7.7 Shields
 * Level 10.6 Invocations


You had 9 spell levels left.
You didn't know any spells.
Your spell library contained the following spells:

 Spells                   Type           Power      Damage    Failure   Level
 Apportation              Tloc           0%         N/A       94%         1
 Freeze                   Ice            0%         1d3       94%         1
 Necrotise                Necr           0%         1d4       94%         1
 Summon Small Mammal      Summ           0%         N/A       94%         1
 Call Canine Familiar     Summ           0%         N/A       100%        3
 Frozen Ramparts          Ice            0%         1d1       100%        3
 Hailstorm                Conj/Ice       0%         3d3       100%        3
 Ignite Poison            Fire/Tmut/Pois 0%         N/A       100%        3
 Portal Projectile        Hex/Tloc       0%         N/A       100%        3
 Leda's Liquefaction      Hex/Erth       0%         N/A       100%        4
 Sticky Flame             Conj/Fire      0%         2d3       100%        4
 Blade Hands              Tmut           0%         N/A       100%        5
 Irradiate                Conj/Tmut      0%         3d11      100%        5
 Dragon Form              Tmut           0%         N/A       100%        7
 Ignition                 Fire           0%         3d3       100%        8


Dungeon Overview and Level Annotations

Branches:
Dungeon (10/15)            Temple (0/1) D:5
   Lair: D:8-11         Orc: D:9-12

Altars:
Elyvilon
Kikubaaqudgha
Makhleb
Qazlal

Shops:
D:1 *

Annotations:
D:10 Lodul


Message History

Aim: Lodul, wielding a +0 dire flail and carrying a wand of mindburst (6) (severely wounded, about 25% to evade your +1 war axe)
Okay, then.
Aiming: Upheaval
Press: ? - help, Dir - move target, f - ogre, p - Lodul
Aim: an ogre, wielding a +0 giant club (heavily wounded)
A blizzard blasts the area with ice!
The blast of ice hits the ogre!!!
You kill the ogre!
Qazlal accepts your kill.
The blast of ice hits the ogre!!!
You kill the ogre!
Qazlal accepts your kill. Something hits you but does no damage.
Lodul zaps a wand.
Your mind is blasted!
* * * LOW HITPOINT WARNING * * *
Something hits you!
* * * LOW HITPOINT WARNING * * *
Cleave: a) +1 war axe
Press: ? - help, Dir - move target, f - Lodul
Aim: Lodul, wielding a +0 dire flail and carrying a wand of mindburst (5) (severely wounded, about 25% to evade your +1 war axe)
You slash Lodul!
Lodul is almost dead.
You slash the ogre! You hit something. Something hits you but does no damage.
The ogre hits you but does no damage. You block Lodul's attack.
Cleave: a) +1 war axe
Press: ? - help, Dir - move target, f/p - Lodul
Aim: Lodul, wielding a +0 dire flail and carrying a wand of mindburst (5) (almost dead, about 25% to evade your +1 war axe)
You hit Lodul.
Lodul is almost dead.
You slash the ogre! Something hits you.
* * * LOW HITPOINT WARNING * * *
The ogre hits you with a +0 giant club.
* * * LOW HITPOINT WARNING * * *
Cleave: a) +1 war axe
Press: ? - help, Dir - move target, f/p - Lodul
Aim: Lodul, wielding a +0 dire flail and carrying a wand of mindburst (5) (almost dead, about 25% to evade your +1 war axe)
You barely miss Lodul.
Lodul is almost dead.
You slash the ogre! You completely miss something.
Something hits you but does no damage. Lodul hits you with a +0 dire flail!!
You die...

#######
##<....#?
##)........
#OO).......
#@.........
#.ยง........
#..........
#..........
#..........
##........
#.....#
######


You could see Lodul and an ogre.

Vanquished Creatures
  A troll (D:9)
  Sigmund (D:3)
  4 yaks (D:9)
  4 vampire mosquitoes (D:8)
  The ghost of zxspectator the Shield-Bearer, an amateur FoFi (D:3)
  4 steam dragons
  2 water moccasins
  4 sky beasts
  8 ogres
  2 orc warriors
  An ice beast (D:8)
  5 centaurs
  A phantom (D:5)
  A kobold brigand (D:9)
  5 bullfrogs
  A gnoll sergeant (D:7)
  A scorpion (D:4)
  8 wights
  5 hounds
  2 gnoll boudas
  3 jellies
  7 orc priests
  7 orc wizards
  2 iguanas
  Robin (D:3)
  17 gnolls
  7 adders
  A shadow imp (D:6)
  2 white imps
  An ufetubus (D:4)
  A worm (D:3)
  5 dart slugs
  26 orcs
  5 endoplasms
  5 giant cockroaches
  18 goblins
  8 hobgoblins
  4 jackals
  4 quokkas
  4 ball pythons
  3 bats
  4 frilled lizards
  10 kobolds
  9 rats
215 creatures vanquished.

Notes
Turn   | Place    | Note
-------+----------+-------------------------------------------
     0 | D:1      | Graphine the Hill Orc Fighter began the quest for the Orb.
     0 | D:1      | Reached XP level 1. HP: 19/19 MP: 1/1
    82 | D:1      | Reached skill level 3 in Axes
   115 | D:1      | Reached XP level 2. HP: 27/27 MP: 2/2
   405 | D:1      | Found Hedwonaph's General Store.
   408 | D:1      | Reached XP level 3. HP: 33/33 MP: 3/3
   412 | D:1      | Bought a scroll of noise for 12 gold pieces
   815 | D:2      | Reached skill level 4 in Axes
  1102 | D:3      | Reached XP level 4. HP: 12/40 MP: 4/4
  1107 | D:3      | HP: 2/40 [gnoll/+0 spear (2)]
  1208 | D:3      | Noticed Robin
  1222 | D:3      | Killed Robin
  1223 | D:3      | Reached XP level 5. HP: 41/47 MP: 5/5
  1325 | D:3      | Found a stormy altar of Qazlal.
  1338 | D:3      | Became a worshipper of Qazlal Stormbringer
  1543 | D:3      | Found a large runed translucent door.
  1543 | D:3      | Found a large runed translucent door.
  1553 | D:3      | Noticed zxspectator's ghost (amateur FoFi)
  1566 | D:3      | Killed zxspectator's ghost
  1567 | D:3      | Reached skill level 5 in Axes
  1567 | D:3      | Reached XP level 6. HP: 17/53 MP: 5/7
  1798 | D:3      | Found a burning altar of Makhleb.
  1955 | D:3      | Noticed Sigmund
  1979 | D:3      | Killed Sigmund
  1980 | D:3      | Reached skill level 5 in Fighting
  1980 | D:3      | Reached skill level 6 in Axes
  1980 | D:3      | Reached XP level 7. HP: 44/61 MP: 7/9
  2460 | D:4      | Reached * piety under Qazlal
  3458 | D:5      | Entered Level 5 of the Dungeon
  3475 | D:5      | Reached skill level 5 in Shields
  3629 | D:5      | Reached skill level 5 in Armour
  3635 | D:5      | Reached skill level 7 in Axes
  3635 | D:5      | Reached XP level 8. HP: 47/69 MP: 11/11
  3859 | D:5      | Reached skill level 5 in Invocations
  4208 | D:5      | Found a staircase to the Ecumenical Temple.
  4458 | D:6      | Reached ** piety under Qazlal
  4523 | D:6      | Reached skill level 8 in Axes
  4714 | D:6      | Found an ancient bone altar of Kikubaaqudgha.
  4950 | D:7      | Reached XP level 9. HP: 30/77 MP: 10/14
  5168 | D:7      | Reached skill level 9 in Axes
  6124 | D:8      | Reached skill level 10 in Axes
  6235 | D:8      | Reached XP level 10. HP: 67/86 MP: 16/16
  7019 | D:9      | Reached skill level 11 in Axes
  7261 | D:9      | Reached skill level 10 in Invocations
  7414 | D:9      | Reached *** piety under Qazlal
  7604 | D:9      | Found a white marble altar of Elyvilon.
  8465 | D:10     | Entered Level 10 of the Dungeon
  8468 | D:10     | Noticed Lodul
  8488 | D:10     | Mangled by Lodul

Illustrated notes

Levels and vault maps discovered:
D:1:      heliophobic_arrival_enchanted_forest, layout_rooms, serial_shops, shop
D:2:      layout_basic, ebering_dispersal_statue_hall
D:3:      layout_basic, lemuel_doored_altar, mainiacjoe_overflow_alcove_2,
          ebering_ghost_disaster_area, uniq_robin, uniq_sigmund
D:4:      layout_layer_cave
D:5:      layout_cave_pools, minmay_temple_entry_wispy
D:6:      layout_rooms, nicolae_overflow_hidden_temple
D:7:      layout_rooms
D:8:      layout_loops_ring, lightli_ossuary_entry_decrepit_ruins
D:9:      layout_basic, old_standard_altar
D:10:     layout_rooms, amcnicky_altar_gilded, hangedman_decor_riveting,
          dreamdust_wishing_well, hellmonk_guarded_unrand_night, uniq_lodul,
          uniq_josephine

Skill      XL: |  1  2  3  4  5  6  7  8  9 10 |
---------------+-------------------------------+-----
Axes           | 3 4 5 6 7 8 10 11 | 11.7
Fighting       | 4 5 6 7 8 |  8.3
Shields        | 4 5 6 7 |  7.7
Armour         | 4 5 6 7 |  7.5
Invocations    | 2 3 4 6 8 10 | 10.6

Action                     |  1- 3 |  4- 6 |  7- 9 | 10-12 || total
---------------------------+-------+-------+-------+-------++-------
  Melee: War axe           |    92 |   103 |   307 |   163 ||   665
 Invoke: Upheaval          |       |       |     5 |     4 ||     9
  Evoke: Wand              |       |     2 |       |       ||     2
    Use: Scroll            |     5 |       |     6 |     4 ||    15
         Potion            |       |     2 |     2 |     1 ||     5
 Armour: Scale mail        |    20 |       |       |       ||    20
         Chain mail        |    36 |    61 |   238 |   102 ||   437
  Dodge: Dodged            |    39 |    37 |   119 |    51 ||   246
  Block: Buckler           |    16 |    29 |   104 |    83 ||   232
